AoeStats
← HR Pinkman

Arena

509480657Analyzed
4v4 RM · 4d ago on Sep 26, 2026· 45m 9s· 8 players
Game mode
Random Map
Map size
Large (8 player)
Population
200
Speed
Normal
Resources
Standard
Victory
Conquest
Starting age
Dark Age
Ending age
Imperial Age
RankedLock teamsTeams togetherTeam positionsShared explorationLock speedFull tech treeHidden civsTurbo modeCheats
Victory
Defeat
🇮🇹 Mongols · Italy
2199
+5
🇵🇱 Saxons · Poland
2155
+6
🇺🇸 Romans · United States
1868
+15
🇵🇱 Danes · Poland
1798
+18
🇨🇱 Varangians · Chile
1899
-12
🇨🇱 Malay · Chile
1879
-10
🇨🇱 Teutons · Chile
1878
-11
🇨🇱 Berbers · Chile
1869
-11
HR Sobek
11:07 Feudal Age
15:00 Castle Age
13:13 Double-Bit Axe
13:23 Horse Collar
15:17 Light Cavalry
21:40 Wheelbarrow
21:52 Fervor
23:54 Bow Saw
23:48 Heavy Plow
23:35 Town Watch
25:44 Hand Cart
29:59 Imperial Age
27:27 Stone Mining
27:28 Gold Mining
27:29 Treadmill Crane
27:56 Scale Barding Armor
28:51 Stone Shaft Mining
28:31 Forging
28:32 Bloodlines
29:16 Husbandry
30:09 Chain Barding Armor
30:26 Ballistics
30:51 Iron Casting
30:35 Masonry
30:04 Elite Jarl
31:23 Conscription
32:01 Plate Barding Armor
31:44 Loom
34:21 Blast Furnace
33:12 Fletching
34:23 Chemistry
33:54 Architecture
35:10 Town Patrol
34:35 Hussar
36:18 Bodkin Arrow
40:09 Capped Ram
41:26 Bracer
42:15 Siege Engineers
HR Whitecourt
8:04 Feudal Age
7:27 Loom
7:45 Double-Bit Axe
12:35 Horse Collar
21:30 Castle Age
19:44 Fletching
21:07 Bodkin Arrow
21:23 Bow Saw
21:59 Guard Tower
26:04 Wheelbarrow
27:47 Ballistics
33:01 Town Watch
36:44 Imperial Age
35:03 Heavy Plow
35:21 Hand Cart
35:17 Padded Archer Armor
35:14 Elite Skirmisher
37:47 Chemistry
36:48 Bracer
37:27 Thumb Ring
37:39 Leather Archer Armor
39:56 Ring Archer Armor
40:23 Conscription
HR itu
10:10 Feudal Age
9:59 Loom
10:03 Loom
13:50 Castle Age
12:32 Double-Bit Axe
12:59 Horse Collar
14:51 Bow Saw
26:37 Wheelbarrow
28:13 Hand Cart
28:06 Heavy Plow
28:16 Stone Mining
28:17 Gold Mining
33:27 Imperial Age
31:11 Fletching
31:57 Bodkin Arrow
32:50 Kasbah
33:13 Padded Archer Armor
33:48 Ballistics
34:36 Bracer
35:37 Chemistry
35:37 Husbandry
37:34 Leather Archer Armor
37:31 Bloodlines
37:47 Siege Engineers
37:08 Elite Camel Archer
HR Pinkman
8:15 Feudal Age
6:34 Loom
8:58 Double-Bit Axe
9:49 Fletching
21:09 Castle Age
20:26 Horse Collar
21:29 Wheelbarrow
22:18 Bow Saw
22:32 Bodkin Arrow
23:39 Guard Tower
28:04 Town Watch
30:36 Fortified Wall
35:11 Hand Cart
39:49 Imperial Age
37:56 Scale Mail Armor
38:02 Scale Barding Armor
38:08 Forging
39:13 Chain Barding Armor
39:46 Bloodlines
39:51 Heavy Plow
39:50 Cavalier
41:09 Plate Barding Armor
40:34 Gold Mining
41:13 Paladin
42:29 Iron Casting
45:38 Blast Furnace
OS+ | The Wilderness
6:31 Loom
11:50 Feudal Age
12:24 Double-Bit Axe
12:19 Horse Collar
25:31 Castle Age
24:26 Gold Mining
24:27 Stone Mining
26:24 Bow Saw
26:15 Heavy Plow
26:31 Fletching
27:18 Gold Shaft Mining
27:22 Wheelbarrow
31:32 Fortified Wall
32:19 Bodkin Arrow
32:54 Town Watch
33:58 Hand Cart
37:46 Imperial Age
35:59 Scale Barding Armor
36:06 Forging
36:58 Caravan
39:36 Conscription
39:09 Elite Centurion
40:11 Comitatenses
40:13 Chain Barding Armor
40:28 Iron Casting
39:42 Sappers
40:08 Capped Ram
40:18 Heavy Scorpion
41:38 Plate Barding Armor
42:05 Siege Engineers
43:02 Chemistry
42:15 Guilds
41:32 Siege Ram
43:44 Blast Furnace
43:08 Bloodlines
42:59 Husbandry
42:19 Light Cavalry
43:21 Ballistas
44:52 Cavalier
OS+ | VoNDutcH
11:24 Feudal Age
12:51 Double-Bit Axe
12:47 Horse Collar
15:21 Castle Age
16:34 Bow Saw
22:48 Wheelbarrow
23:30 Gold Mining
23:32 Stone Mining
23:53 Fletching
24:40 Hand Cart
24:28 Bodkin Arrow
28:43 Imperial Age
27:34 Stone Shaft Mining
27:05 Padded Archer Armor
27:45 Ballistics
27:44 Husbandry
27:55 Bloodlines
27:32 Town Watch
27:58 Masonry
28:14 Thumb Ring
30:31 Chemistry
29:28 Elite Mangudai
31:09 Conscription
33:09 Bracer
33:10 Padded Archer Armor
34:23 Parthian Tactics
34:34 Loom
37:06 Gold Shaft Mining
36:44 Caravan
39:13 Leather Archer Armor
ELEOS | wosm
9:24 Feudal Age
9:14 Loom
11:18 Fletching
15:07 Castle Age
13:31 Double-Bit Axe
34:36 Gold Mining
36:24 Town Watch
37:15 Wheelbarrow
40:39 Imperial Age
39:09 Horse Collar
40:41 Capped Ram
41:47 Siege Ram
41:54 Northmen's Fury
42:55 Siege Engineers
44:39 Squires
44:22 Pikeman
44:32 Hamask
45:33 Conscription
45:48 Scale Mail Armor
45:58 Forging
OS+ | TheKroks
6:19 Loom
10:55 Feudal Age
11:34 Double-Bit Axe
14:29 Castle Age
12:36 Horse Collar
15:21 Bow Saw
15:19 Heavy Plow
16:39 Loom
21:05 Wheelbarrow
21:29 Stone Mining
21:38 Gold Mining
24:23 Gold Shaft Mining
27:54 Imperial Age
26:20 Scale Mail Armor
26:46 Forging
27:13 Hand Cart
27:37 Chain Mail Armor
28:26 Iron Casting
28:11 Squires
28:10 Gambesons
28:46 Elite Varangian Guard
30:44 Conscription
31:06 Plate Mail Armor
30:11 Shield Wall
30:48 Fletching
30:41 Treadmill Crane
31:37 Arson
32:39 Town Watch
32:55 Bodkin Arrow
34:02 Chemistry
33:49 Guilds
33:25 Man-at-Arms
34:37 Bracer
36:12 Masonry
36:31 Long Swordsman
37:36 Fortified Wall
37:18 Guard Tower
38:01 Coinage
37:31 Caravan
38:39 Arrowslits
39:58 Architecture
40:00 Banking
39:56 Two-Handed Swordsman
41:11 Ballistics
42:38 Keep
43:18 Siege Engineers
43:04 Sappers
44:58 Two-Man Saw
43:33 Champion
43:36 Pikeman
44:34 Halberdier
45:24 Murder Holes
Connection lost

Rejoining the realm…

Still unreachable

The connection could not be restored.

Session expired

The server has moved on; the page needs a fresh start.